Map: Ruins of Seras

Players

Solar - Winner!

  • Race: Zerg Zerg
  • League: Master

FanTaSy

  • Race: Terran Terran
  • League: Master

Event: Team Gravity's Tournament of Champions #5

VOD

Have the link to the VOD?

Description

Time

  • Played on: Nov. 15, 2015, 8:08 p.m.
  • Length: 5:26

All games in this series

Show
View Real Time Build Order
Export as new Build Order

Solar Zerg - Winner!

Build Orders: Hatch First, Roach Nydus 

Get SALT Encoding   

  12  0:00  Drone  
  13  0:13  Overlord  
  13  0:17  Drone  
  14  0:31  Drone x2  
  14  0:34  Drone  
  17  0:54  Hatchery  
  17  0:56  Drone  
  17  0:58  Drone  
  18  1:09  Extractor  
  18  1:10  Drone  
  18  1:17  Spawning Pool  
  17  1:20  Drone  
  18  1:29  Drone  
  19  1:39  Overlord  
  19  2:03  Queen, Zergling x4  
  19  2:06  Drone, Queen  
  26  2:11  Drone  
  27  2:17  Drone  
  28  2:23  Drone  
  28  2:28  Drone  
  30  2:35  Overlord  
  30  2:40  Lair  
  30  2:42  Drone, Queen  
  33  2:46  Drone  
  33  2:49  Drone  
  35  2:55  Drone  
  36  3:02  Drone  
  37  3:08  Drone  
  37  3:12  Overlord  
  38  3:13  Drone x3  
  38  3:14  Drone x3  
  44  3:20  Roach Warren  
  44  3:24  Extractor x2  
  44  3:25  Drone  
  44  3:26  Drone  
  43  3:31  Drone  
  43  3:34  Drone  
  45  3:40  Overlord  
  45  3:41  Nydus Network  
  44  3:45  Overlord  
  44  3:59  Roach x5  
  44  4:01  Overseer  
  54  4:07  Roach  
  56  4:13  Roach x2  
  56  4:17  Overlord  
  60  4:21  Roach x2  
  64  4:27  Queen  
  66  4:36  Roach x2  
  70  4:39  Nydus Canal  
  70  4:41  Roach  
  70  4:42  Roach  
  74  4:46  Roach  
  74  4:49  Overlord  
Show
View Real Time Build Order
Export as new Build Order

FanTaSy Terran 

Build Orders: Command Center First (CC), Banshee Rush 

Get SALT Encoding   

  12  0:00  SCV  
  13  0:12  SCV  
  14  0:17  Supply Depot  
  14  0:24  SCV  
  15  0:39  SCV  
  16  0:51  SCV  
  17  1:00  Command Center  
  17  1:04  SCV  
  18  1:15  Barracks  
  18  1:17  SCV  
  19  1:23  Refinery  
  19  1:29  SCV  
  20  1:41  SCV  
  20  1:43  Refinery  
  21  1:53  SCV  
  22  2:02  Marine  
  22  2:05  Orbital Command  
  22  2:06  Bunker  
  23  2:12  Orbital Command  
  23  2:21  Factory  
  23  2:26  Barracks Reactor  
  23  2:31  SCV  
  24  2:38  SCV  
  24  2:43  SCV  
  26  2:50  SCV  
  27  2:55  SCV  
  28  3:02  SCV  
  28  3:03  Supply Depot  
  29  3:07  SCV, Starport  
  34  3:13  Hellion x2  
  34  3:14  SCV  
  34  3:15  Supply Depot, Barracks Tech Lab  
  34  3:19  SCV  
  36  3:26  SCV  
  37  3:31  SCV  
  42  3:34  Hellion x2  
  42  3:40  SCV  
  43  3:43  SCV  
  44  3:50  Barracks Tech Lab  
  44  3:51  Banshee  
  44  3:52  Cloaking Field  
  47  3:56  Supply Depot, SCV x2  
  47  4:02  Widow Mine x2  
  53  4:11  Marine  
  53  4:13  Bunker  
  54  4:17  SCV x2  
  56  4:26  Command Center  
  56  4:29  SCV x2  
  58  4:31  Supply Depot  
  58  4:34  Banshee  
  58  4:38  Marine  
  62  4:42  SCV x2  
  62  4:48  Factory Reactor  
  62  4:51  Barracks x2  
  62  4:52  Refinery  
  62  4:53  Refinery  
  62  4:56  SCV x2, Marine  

Tags
 
Add a new tag
Caveats
  • Supply blocks, unpowered buildings, or Contaminate may cause inaccurate times.
  • Supply counts are checked every 10 seconds.